 Dungeon Crawl Stone Soup version 0.29-a0-901-g46a8461d6a (webtiles) character file.

Game seed: 746440535488099319

4086 wilfster70 the Severer (level 10, -2/88 HPs)
             Began as a Hill Orc Monk on July 24, 2022.
             Was a Believer of Beogh.
             Slain by a yak (12 damage)
             ... on level 8 of the Dungeon.
             The game lasted 00:16:02 (9980 turns).

wilfster70 the Severer (Hill Orc Monk)              Turns: 9980, Time: 00:16:03

Health: -2/88      AC: 11    Str: 19    XL:     10   Next: 25%
Magic:  13/14      EV:  8    Int: 10    God:    Beogh [**....]
Gold:   335        SH:  0    Dex: 13    Spells: 9/9 levels left

rFire   . . .      SeeInvis .   a - +0 war axe
rCold   . . .      Faith    .   (no shield)
rNeg    . . .      Spirit   .   j - +1 chain mail
rPois   .          Reflect  .   (no helmet)
rElec   .          Harm     .   (no cloak)
rCorr   .          Rampage  .   x - +0 pair of gloves
Will    .....                   (no boots)
Stlth   ..........              (no amulet)
HPRegen 0.24/turn               e - ring of wizardry
MPRegen 0.14/turn               (no ring)

@: no status effects
A: no striking features
a: Renounce Religion, Smiting


You were on level 8 of the Dungeon.
You worshipped Beogh.
Beogh was pleased with you.
You visited 1 branch of the dungeon, and saw 8 of its levels.

You collected 335 gold pieces.

Inventory:

Hand Weapons
 a - a +0 war axe (weapon)
 b - a +1 hand axe of flaming
 l - a +5 trident of freezing
Missiles
 f - 10 poisoned darts
 h - 4 javelins (quivered)
 p - 6 boomerangs of dispersal
Armour
 j - a +1 chain mail (worn)
 q - a +0 plate armour
 x - a +0 pair of gloves (worn)
Jewellery
 e - a ring of wizardry (left hand)
Wands
 u - a wand of paralysis (5)
Scrolls
 o - a scroll of teleportation
 r - 4 scrolls of identify
 t - a scroll of blinking
 v - a scroll of enchant armour
 w - a scroll of immolation
 y - a scroll of amnesia
Potions
 c - 4 potions of ambrosia
 d - a potion of lignification
 g - 3 potions of heal wounds
 i - 2 potions of mutation
 k - a potion of invisibility
 m - 2 potions of curing
 n - a potion of resistance
 s - a potion of might


   Skills:
 - Level 8.1 Fighting
 - Level 16.0 Axes
 + Level 2.5 Armour
 - Level 2.4 Dodging
 - Level 1.5 Stealth
 * Level 5.6 Invocations


You had 9 spell levels left.
You didn't know any spells.
Your spell library contained the following spells:

 Spells                   Type           Power      Damage    Failure   Level
 Sublimation of Blood     Necr           0%         N/A       93%         2
 Dazzling Flash           Conj/Hex       0%         N/A       99%         3
 Summon Guardian Golem    Hex/Summ       0%         N/A       99%         3
 Iskenderun's Mystic Bla  Conj/Tloc      0%         2d3       100%        4
 Petrify                  Tmut/Erth      0%         N/A       100%        4
 Irradiate                Conj/Tmut      0%         3d11      100%        5
 Starburst                Conj/Fire      0%         6d3       100%        6
 Orb of Destruction       Conj           0%         9d5       100%        7
 Spellforged Servitor     Conj/Summ      0%         N/A       100%        7


Dungeon Overview and Level Annotations

Branches:
Dungeon (8/15)             Temple (0/1) D:5
   Lair: D:8-11

Altars:
Fedhas
Hepliaklqana
Makhleb
Wu Jian
Zin

Annotations:
D:6 3 runed translucent doors, exclusion: oklob plant, gabibbone's ghost, novice DsWn


Message History

The yak gores you but does no damage.
Your Armour skill increases to level 2!
You slice the yak!!
You kill the yak!
Beogh accepts your kill.
You hit the yak. The yak gores you but does no damage.
Your Invocations skill increases to level 5!
You see here a yak corpse.
The yak attacks as you move away! The yak gores you but does no damage.
The yak attacks as you move away! The yak gores you.
* * * LOW HITPOINT WARNING * * *
You barely miss the yak.
The yak is lightly wounded.
You hit the yak.
The yak is lightly wounded.
The yak attacks as you move away! The yak barely misses you.
The yak attacks as you move away! The yak completely misses you.
You hit the yak.
The yak is lightly wounded.
The yak gores you!
* * * LOW HITPOINT WARNING * * *
You hit the yak but do no damage.
The yak is lightly wounded.
The yak barely misses you.
You slash the yak!
The yak is heavily wounded.
You slash the yak! Your punch misses the yak.
The yak is severely wounded.
The yak barely misses you.
You slash the yak!
You kill the yak!
Beogh accepts your kill.
You closely miss the yak.
The yak is lightly wounded.
You feel better. The yak gores you!
* * * LOW HITPOINT WARNING * * *
You barely miss the yak.
The yak is lightly wounded.
The yak gores you!
You die...

########## #.†.......
########†########
#.....##.### #.#
###.###......# #.# #...#
#>.###Y# #.# #.#.###..# #@#
#.# #.#......###.########.#
#.#.###............##.#
#.##.#.#.###.###.#.##.#######
#. ##.##.# #.# #.#...........
#. ####.###.###.###.#####...
#. #............<........
#.###.###.###.######## #.#
#.# #.# #.#


You could see a yak.

Vanquished Creatures
  Prince Ribbit (D:7)
  A troll (D:5)
  4 yaks (D:8)
  A wyvern (D:6)
  A water moccasin (D:6)
  An acid dragon (D:6)
  2 sky beasts
  An orc warrior (D:7)
  2 black bears
  2 ice beasts
  An ogre (D:6)
  A phantom (D:4)
  A kobold brigand (D:6)
  2 necrophages
  2 bullfrogs (D:7)
  2 scorpions
  10 wights
  4 howler monkeys
  4 hounds
  5 jellies
  A gnoll bouda (D:6)
  An orc priest (D:7)
  3 iguanas
  3 orc wizards
  12 gnolls
  8 adders
  A shadow imp (D:7)
  A white imp (D:6)
  2 ufetubi
  3 dart slugs
  2 worms (D:2)
  19 orcs
  2 bats
  20 endoplasms
  5 giant cockroaches
  15 goblins
  7 hobgoblins
  8 jackals
  16 kobolds
  A quokka (D:3)
  9 ball pythons
  5 frilled lizards
  3 rats
195 creatures vanquished.

Vanquished Creatures (others)
  An orc priest (D:7)
  An orc (D:7)
  12 fungi
  3 plants (D:6)
17 creatures vanquished.

Grand Total: 212 creatures vanquished

Notes
Turn   | Place    | Note
-------+----------+-------------------------------------------
     0 | D:1      | wilfster70 the Hill Orc Monk began the quest for the Orb.
     0 | D:1      | Reached XP level 1. HP: 19/19 MP: 1/1
   189 | D:1      | Reached XP level 2. HP: 19/27 MP: 2/2
   512 | D:1      | Reached skill level 5 in Axes
   595 | D:1      | Reached XP level 3. HP: 33/33 MP: 3/3
  1323 | D:2      | Found a blossoming altar of Fedhas.
  1338 | D:2      | Reached XP level 4. HP: 36/41 MP: 4/4
  1625 | D:2      | Reached skill level 6 in Axes
  1822 | D:2      | Found a faded altar of an unknown god.
  2352 | D:3      | Reached XP level 5. HP: 39/47 MP: 5/5
  2608 | D:3      | Identified the -1 helmet of Asceticism {Int+3}
  2875 | D:4      | Reached skill level 5 in Fighting
  2875 | D:4      | Reached skill level 7 in Axes
  3060 | D:4      | Reached XP level 6. HP: 45/56 MP: 6/6
  3192 | D:4      | Found an ornate altar of the Wu Jian Council.
  3262 | D:4      | Reached skill level 8 in Axes
  3627 | D:4      | Found a glowing silver altar of Zin.
  4075 | D:5      | Entered Level 5 of the Dungeon
  4118 | D:4      | Reached XP level 7. HP: 21/63 MP: 7/7
  4591 | D:5      | Found a staircase to the Ecumenical Temple.
  4606 | D:5      | Reached skill level 9 in Axes
  5010 | D:5      | Noticed a troll
  5486 | D:5      | Reached skill level 10 in Axes
  5607 | D:5      | You fall into a shaft and drop 1 floor!
  5627 | D:6      | Reached XP level 8. HP: 41/73 MP: 8/8
  5656 | D:6      | Reached skill level 11 in Axes
  5932 | D:6      | Found a burning altar of Makhleb.
  5959 | D:6      | Found a runed translucent gate.
  5960 | D:6      | Found a runed translucent gate.
  5961 | D:6      | Noticed a kobold demonologist
  5961 | D:6      | Noticed gabibbone's ghost (novice DsWn)
  5962 | D:6      | Found a runed translucent gate.
  6274 | D:6      | Noticed a wyvern
  6291 | D:6      | Killed a wyvern
  6292 | D:6      | Reached skill level 12 in Axes
  6437 | D:6      | Reached XP level 9. HP: 60/79 MP: 9/9
  6546 | D:6      | Reached skill level 13 in Axes
  7495 | D:6      | Noticed an oklob plant
  7515 | D:6      | Reached skill level 14 in Axes
  7870 | D:5      | Killed a troll
  8413 | D:7      | Noticed Prince Ribbit
  8414 | D:7      | Became a worshipper of Beogh the Brigand
  8414 | D:7      | Reached * piety under Beogh
  8414 | D:7      | Reached ** piety under Beogh
  8428 | D:7      | Killed Prince Ribbit
  8429 | D:7      | Reached skill level 15 in Axes
  8575 | D:7      | Reached skill level 1 in Invocations
  9067 | D:7      | Reached XP level 10. HP: 27/86 MP: 12/12
  9520 | D:7      | Reached skill level 16 in Axes
  9639 | D:7      | Reached skill level 1 in Armour
  9814 | D:8      | Found a hazy altar of Hepliaklqana.
  9965 | D:8      | Reached skill level 5 in Invocations
  9980 | D:8      | Slain by a yak

Illustrated notes

Levels and vault maps discovered:
D:1:      kennysheep_arrival_seaside, layout_basic
D:2:      layout_rooms, shapermc_ecumenical_altar_ellora, basic_altar,
          amcnicky_mini_rare_corridor_liquid, chequers_garden
D:3:      layout_loops_ring, minivault_14
D:4:      layout_basic, kennysheep_mini_moat, zin_academy
D:5:      layout_loops_ring, minmay_temple_entry_drinking_statues
D:6:      lemuel_slime, layout_basic, mainiacjoe_overflow_alcove_4,
          gammafunk_ghost_nasty_kobolds
D:7:      layout_loops_cross, uniq_prince_ribbit1
D:8:      layout_loops_ring, nicolae_hepliaklqana_hazy_memory

Skill      XL: |  1  2  3  4  5  6  7  8  9 10 |
---------------+-------------------------------+-----
Fighting       | 4 5 6 7 8 |  8.1
Axes           | 5 6 7 8 10 12 15 16 | 16.0
Invocations    | 2 5 |  5.6
Armour         | 2 |  2.5
Dodging        | |  2.4
Stealth        | |  1.5

Action                   |  1- 3 |  4- 6 |  7- 9 | 10-12 || total
-------------------------+-------+-------+-------+-------++-------
Melee: Hand axe          |   112 |   276 |   390 |     5 ||   783
       Punch             |       |     1 |     5 |     2 ||     8
       War axe           |       |       |    25 |    55 ||    80
Invok: Convert to Beogh  |       |       |     1 |       ||     1
  Use: Scroll            |     5 |     5 |     6 |       ||    16
       Potion            |       |     1 |     2 |     2 ||     5
 Stab: Sleeping          |     1 |       |       |       ||     1
Armor: Chain mail        |    73 |   199 |   139 |    24 ||   435
       Robe              |     1 |       |       |       ||     1
Dodge: Dodged            |    47 |    96 |   100 |    14 ||   257

Table legend: (Time is in decaauts)
 A = Elapsed time spent in this place.
 B = Non-inter-level travel time spent in this place.
 C = Inter-level travel time spent in this place.
 D = Time resting spent in this place.
 E = Time spent auto-exploring this place.
 F = Levels seen in this place.
 G = Mean time per level.
                   A        B        C        D        E       F      G
               +--------+--------+--------+--------+--------+-----+--------+
         Total |   9837 |   9638 |    199 |   3492 |   3641 |   8 | 1229.6 |
       Dungeon |   9837 |   9638 |    199 |   3492 |   3641 |   8 | 1229.6 |
               +--------+--------+--------+--------+--------+-----+--------+

Top non-repeatable levels by time:
     D:6: 1989 daAuts
     D:4: 1858 daAuts
     D:5: 1507 daAuts
     D:7: 1405 daAuts
     D:2: 1055 daAuts
     D:1: 1017 daAuts
     D:3: 783 daAuts
     D:8: 219 daAuts
